 Dungeon Crawl Stone Soup version 0.17-a0-1997-ga88ed7d (webtiles) character file.

93 Mordenkainen the Magician (level 4, 0/24 HPs)
             Began as a Deep Elf Wizard on Oct 8, 2015.
             Slain by Kangaxx's ghost (4 damage)
             ... on level 3 of the Dungeon.
             The game lasted 00:07:41 (2109 turns).

Mordenkainen the Magician (Deep Elf Wizard)         Turns: 2109, Time: 00:07:45

Health: 0/24       AC:  4    Str:  4    XL:     4   Next: 36%
Magic:  2/12       EV: 12    Int: 24    God:
Gold:   127        SH:  0    Dex: 13    Spells: 5 memorised, 1 level left

rFire  . . .     SeeInvis .     q - +0 rapier (venom)
rCold  . . .     Clarity  .     a - +0 robe
rNeg   . . .     SustAt   .     (no shield)
rPois  .         Gourm    .     b - +0 hat
rElec  .         Spirit   .     p - +0 cloak
rCorr  .         Warding  .     x - +0 pair of gloves
rMut   .         Stasis   .     (no boots)
MR     .....                    (no amulet)
Stlth  ++........               (no ring)
                                (no ring)

@: lethally poisoned (0 -> -15), repel missiles, not resistant to hostile
enchantments, unstealthy
A: no striking features
a: no special abilities


You were on level 3 of the Dungeon.
You were hungry.

You visited 1 branch of the dungeon, and saw 3 of its levels.

You collected 127 gold pieces.

Inventory:

Hand Weapons
 q - a +0 rapier of venom (weapon)
Armour
 a - a +0 robe (worn)
 b - a +0 hat (worn)
 p - a +0 cloak (worn)
 x - a +0 pair of gloves (worn)
Jewellery
 n - an uncursed ring of ice {unknown}
Scrolls
 e - 3 scrolls of random uselessness {unknown}
 f - 3 scrolls of identify {unknown}
 m - 2 scrolls of amnesia {unknown}
 u - a scroll of enchant armour {unknown}
 v - a scroll of remove curse {unknown}
 w - a scroll of fog {unknown}
Potions
 g - a potion of ambrosia {unknown}
 h - a potion of might {unknown}
 i - a potion of brilliance {unknown}
 j - a potion of curing {unknown}
 k - a potion of mutation {unknown}
 l - a potion of flight {unknown}
 r - a potion of heal wounds {unknown}
 t - a potion of poison
Books
 c - a book of Minor Magic

   Spells                             Type                      Level
   a - Magic Dart                     Conjuration                  1
   b - Blink                          Translocation                2
   c - Call Imp                       Summoning                    2
   d - Repel Missiles                 Charms/Air                   2
   e - Slow                           Hexes                        2
   f - Conjure Flame                  Conjuration/Fire             3
   g - Mephitic Cloud                 Conjuration/Poison/Air       3
Comestibles
 d - 4 bread rations
 o - a beef jerky
 s - 3 meat rations


   Skills:
 - Level 2.4 Dodging
 - Level 2.4 Stealth
 + Level 4.8 Spellcasting
 * Level 4.3 Conjurations
   Level 1.1 Summonings
 - Level 1.1 Translocations


You had one spell level left.
You knew the following spells:

 Your Spells              Type           Power        Failure   Level  Hunger
a - Magic Dart            Conj           ####         1%          1    None
b - Blink                 Tloc           N/A          12%         2    None
c - Repel Missiles        Chrm/Air       #.....       14%         2    None
e - Conjure Flame         Conj/Fire      ###.....     14%         3    ##.....
h - Mephitic Cloud        Conj/Pois/Air  ##......     17%         3    ##.....


Dungeon Overview and Level Annotations

Branches:
Dungeon (3/15)

Altars:
Sif Muna

Annotations:
D:3 Kangaxx's ghost, amateur DEWz


Message History

Kangaxx's ghost is heavily damaged.
Kangaxx's ghost closely misses you.
Kangaxx's ghost hits you but does no damage.
Kangaxx's ghost completely misses you.
Kangaxx's ghost says, "I am smarter than you!"
You see here a bat corpse.
An adder comes into view.
Kangaxx's ghost casts a spell at you. The magic dart hits you!
* * * LOW HITPOINT WARNING * * *
Kangaxx's ghost barely misses you.
Drink which item? (? for menu, Esc to quit)
It was a potion of poison.
That liquid tasted very nasty...
You are lethally poisoned!
* * * LOW HITPOINT WARNING * * *
You feel sick.
Kangaxx's ghost frowns in concentration.
Kangaxx's ghost hits you.
You die...

#........!.#.# #.#
####.........#.####.#
......<....#........#
###.########...##### # #.
##..## ## #. #...###### .# .
##........# .# .##
#....W%##†###### .# ..#
#...@..##......# .# #.#
#......##......#
.####.#######....%.###.....#
...........##......# #######
...........##......#
<....<>....###....##
...........# ######
#..........# #..........#


You could see Kangaxx's ghost.

Vanquished Creatures
  2 adders (D:2)
  3 worms
  3 giant geckos
  An orc (D:3)
  A ball python (D:3)
  6 giant cockroaches
  8 goblins
  5 hobgoblins
  6 jackals
  7 bats
  3 giant newts
  8 kobolds
  6 rats
59 creatures vanquished.

Notes
Turn   | Place    | Note
--------------------------------------------------------------
     0 | D:1      | Mordenkainen the Deep Elf Wizard began the quest for the Orb.
     0 | D:1      | Reached XP level 1. HP: 10/10 MP: 7/7
   206 | D:1      | Reached XP level 2. HP: 15/15 MP: 1/9
   633 | D:1      | Reached XP level 3. HP: 19/19 MP: 0/10
  1499 | D:3      | Reached XP level 4. HP: 24/24 MP: 9/12
  1597 | D:3      | Learned a level 2 spell: Blink
  1600 | D:3      | Learned a level 2 spell: Repel Missiles
  1604 | D:3      | Learned a level 3 spell: Mephitic Cloud
  1608 | D:3      | Learned a level 3 spell: Conjure Flame
  1751 | D:3      | Noticed Kangaxx's ghost (amateur DEWz)
  1802 | D:2      | Found a deep blue altar of Sif Muna.
  2109 | D:3      | Slain by Kangaxx's ghost

Vault maps used:
D:1:      eino_arrival_cavern_b
D:2:      nicolae_overflow_hidden_temple
D:3:      first_bread, st_stairs_2

Action                   |  1- 3 |  4- 6 || total
-------------------------+-------+-------++-------
Melee: Rapier            |     4 |    21 ||    25
 Cast: Magic Dart        |    89 |    35 ||   124
       Conjure Flame     |       |     3 ||     3
       Repel Missiles    |       |     1 ||     1
  Use: Potion            |       |     1 ||     1
 Stab: Sleeping          |     2 |       ||     2
  Eat: Chunk             |     1 |     2 ||     3
